 Dungeon Crawl Stone Soup version 0.29.1-14-g9c671dbff4 (webtiles) character file.

Game seed: 3583111093752640783

5609 Smoke131 the Jinx (level 10, 0/58 HPs)
             Began as a Vampire Enchanter on Feb 20, 2023.
             Was an Initiate of Ashenzari.
             Slain by a wight
             ... wielding a +3 flail of freezing
              (2 damage)
             ... while petrified by a basilisk
             ... on level 8 of the Dungeon.
             The game lasted 00:34:46 (10447 turns).

Smoke131 the Jinx (Vampire Enchanter)              Turns: 10447, Time: 00:34:47

Health: 0/58       AC:  6    Str:  6 (7)  XL:     10   Next: 45%
Magic:  1/17       EV:  2    Int: 17 (19) God:    Ashenzari [......]
Gold:   197        SH:  0    Dex: 16 (18) Spells: 6/19 levels left

rFire   . . .      SeeInvis +   r - +4 dagger (vorpal)
rCold   + + .      Faith    .   n - +0 kite shield
rNeg    + + +      Spirit   .   b - +0 robe
rPois   ∞          Reflect  .   (no helmet)
rElec   .          Harm     .   (no cloak)
rCorr   .          Rampage  .   y - +0 pair of gloves
Will    +....                   h - +2 pair of boots of the Fated Inaction {Cun, Self} (curse)
Stlth   ++++++....              (no amulet)
HPRegen 0.00/turn               (no ring)
MPRegen 0.15/turn               (no ring)

@: confusing by touch, petrified, bloodless, inhibited regen
A: bloodless, fangs 3, see invisible, vampiric 2
a: Bat Form, Revivify, Renounce Religion, Shatter the Chains


You were on level 8 of the Dungeon.
You worshipped Ashenzari.
Ashenzari was noncommittal.
You visited 2 branches of the dungeon, and saw 9 of its levels.

You collected 436 gold pieces.
You spent 239 gold pieces at shops.

Inventory:

Hand Weapons
 r - a +4 vorpal dagger (weapon)
 u - a +1 dagger of electrocution
Missiles
 j - 11 poisoned darts (quivered)
 l - 11 datura-tipped darts
 s - a curare-tipped dart
Armour
 b - a +0 robe (worn)
 h - the cursed +2 pair of boots of the Fated Inaction (worn) {Cun, Self}
   (You found it on level 2 of the Dungeon)

   It has a curse which improves the following skills: Cunning: Dodging and
   Stealth.
   Introspection: Fighting and Spellcasting.
 n - a +0 kite shield (worn)
 y - a +0 pair of gloves (worn)
Jewellery
 f - a ring of ice
Wands
 k - a wand of flame (20)
 x - a wand of charming (15)
Scrolls
 i - a scroll of immolation
 t - a scroll of teleportation
Potions
 a - a potion of resistance
 c - a potion of invisibility
 e - 8 potions of curing
 g - a potion of ambrosia
 m - 2 potions of flight
 o - a potion of might
 q - 3 potions of brilliance
 v - a potion of magic


   Skills:
 - Level 4.2(4.6) Fighting
 - Level 5.0 Short Blades
 - Level 5.0(5.4) Dodging
 - Level 9.1(9.5) Stealth
 - Level 5.0 Shields
 - Level 4.7(5.1) Spellcasting
 - Level 9.2 Hexes
 - Level 4.0 Transmutations
 + Level 6.1 Ice Magic
 - Level 4.0 Earth Magic


You had 6 spell levels left.
You knew the following spells:

 Your Spells              Type           Power      Damage    Failure   Level
a - Ensorcelled Hibernat  Hex/Ice        60%        N/A       2%          2
b - Confusing Touch       Hex            35%        N/A       2%          3
c - Tukima's Dance        Hex            35%        N/A       2%          3
d - Dazzling Flash        Conj/Hex       40%        N/A       19%         3
e - Passwall              Tmut/Erth      15%        N/A       12%         2

Your spell library contained the following spells:

 Spells                   Type           Power      Damage    Failure   Level
 Sandblast                Erth           36%        2d10      8%          1
 Stone Arrow              Conj/Erth      22%        3d8       45%         3
 Gell's Gravitas          Tloc           4%         N/A       75%         3
 Lesser Beckoning         Tloc           4%         N/A       75%         3
 Teleport Other           Tloc           4%         N/A       75%         3


Dungeon Overview and Level Annotations

Branches:
Dungeon (8/15)             Temple (1/1) D:6
   Lair: D:8-11

Altars:
Ashenzari
Gozag
Hepliaklqana
Nemelex Xobeh
Okawaru
Vehumet
Wu Jian
Xom

Shops:
D:7 (

Annotations:
D:6 5 runed translucent doors


Innate Abilities, Weirdness & Mutations

You do not regenerate when monsters are visible.
You are frail without blood (-20% HP).
You can heal yourself when you bite living creatures.
You are immune to poison.
You have razor-sharp teeth.
You have supernaturally acute eyesight. (SInv)
You are afflicted with vampirism and can become a bat while bloodless.


Message History

The basilisk looks drowsy...
You block the wight's attack.
You hit the basilisk.
You bite the basilisk, but do no damage.
The basilisk is lightly wounded.
Casting: Ensorcelled Hibernation (safe; 2% risk of failure)
Confirm with . or Enter, or press ? or * to list all spells.
Your hands begin to glow red.
The basilisk gazes at you.
You are slowing down.
The wight hits you with a +3 flail of freezing.
The wight freezes you.
You hit the basilisk but do no damage.
The basilisk appears confused.
The basilisk is lightly wounded.
You block the wight's attack.
The basilisk bites the wight.
The basilisk bites itself!
The wight hits you with a +3 flail of freezing.
Your limbs are stiffening.
Casting: Confusing Touch (dangerous; 2% risk of failure)
Confirm with . or Enter, or press ? or * to list all spells.
Your hands begin to glow red.
The wight hits you with a +3 flail of freezing!
The wight freezes you.
You have turned to stone.
The wight hits you with a +3 flail of freezing.
The wight hits you with a +3 flail of freezing!
The wight hits you with a +3 flail of freezing!
* * * LOW HITPOINT WARNING * * *
The wight hits you with a +3 flail of freezing.
* * * LOW HITPOINT WARNING * * *
The wight freezes you.
The wight hits you with a +3 flail of freezing!
* * * LOW HITPOINT WARNING * * *
The wight freezes you.
The wight hits you with a +3 flail of freezing!
* * * LOW HITPOINT WARNING * * *
The wight hits you with a +3 flail of freezing!
* * * LOW HITPOINT WARNING * * *
The wight freezes you.
The wight hits you with a +3 flail of freezing.
You die...

# #####.##### # #.### #
#...## #### ###..# l
...##### #..[## .## #
##.....#####....## ..#
.# #####...........#
#.####...
####..(.....###..#.....
#####...@z..l....#
#........>.###
######...[)# ##..##).#
##..## ...# ##..## ....
##..## #.. ##..## #
##..##


You could see a basilisk (confused) and a wight.

Vanquished Creatures
  A deep elf pyromancer (D:8)
  Pikel (D:6)
  A gargoyle (D:8)
  A troll (D:8)
  Sigmund (D:2)
  A steam dragon (D:8)
  Menkaure (D:5)
  5 water moccasins
  Duvessa (D:7)
  2 ice beasts
  2 orc warriors
  3 black bears
  A sky beast (D:6)
  A kobold brigand (D:8)
  A lemure (D:5)
  3 bullfrogs
  3 necrophages
  2 scorpions (D:5)
  15 wights
  Dowan (D:7)
  6 killer bees
  2 howler monkeys
  4 hounds
  A jelly (D:6)
  An orc priest (D:5)
  6 iguanas
  3 orc wizards
  10 adders
  A gnoll (D:1)
  3 shadow imps
  2 ufetubi (D:5)
  2 worms
  5 dart slugs
  11 orcs
  8 ball pythons
  7 bats
  5 endoplasms
  A giant cockroach (D:1)
  7 goblins
  8 hobgoblins
  4 jackals (D:4)
  3 quokkas
  6 frilled lizards
  9 kobolds
  6 rats
168 creatures vanquished.

Vanquished Creatures (collateral kills)
  2 wights (D:8)
  An orc wizard (D:7)
3 creatures vanquished.

Vanquished Creatures (others)
  3 dancing weapons (D:8)
3 creatures vanquished.

Grand Total: 174 creatures vanquished

Notes
Turn   | Place    | Note
-------+----------+-------------------------------------------
     0 | D:1      | Smoke131 the Vampire Enchanter began the quest for the Orb.
     0 | D:1      | Reached XP level 1. HP: 13/13 MP: 3/3
     8 | D:1      | Noticed an elf
     8 | D:1      | Noticed a gargoyle
    10 | D:1      | Noticed a vine stalker
    10 | D:1      | Noticed a draconian
    12 | D:1      | Noticed a ghoul
    12 | D:1      | Noticed a naga
    14 | D:1      | Noticed a tengu
    16 | D:1      | Noticed a meteoran
    18 | D:1      | Noticed a palentonga
    18 | D:1      | Noticed a demigod
    20 | D:1      | Noticed a spriggan
    20 | D:1      | Noticed a formicid
    22 | D:1      | Noticed a merfolk
    22 | D:1      | Noticed an octopode
    24 | D:1      | Noticed an ogre
    26 | D:1      | Noticed a demonspawn
    26 | D:1      | Noticed a human
    28 | D:1      | Noticed a vampire
    28 | D:1      | Noticed a troll
    30 | D:1      | Noticed a minotaur
    32 | D:1      | Noticed a spriggan
    32 | D:1      | Noticed a spriggan
   305 | D:1      | Reached XP level 2. HP: 12/16 MP: 5/5
   519 | D:1      | Gained mutation: You are afflicted with vampirism and can
                  | become a bat while bloodless. [Vampire growth]
   519 | D:1      | Reached XP level 3. HP: 19/20 MP: 6/6
   818 | D:1      | Found a faded altar of an unknown god.
   818 | D:1      | Noticed an Ice Fiend
  1143 | D:2      | Reached skill level 5 in Hexes
  1240 | D:2      | Learned a level 2 spell: Ensorcelled Hibernation
  1244 | D:2      | Learned a level 3 spell: Confusing Touch
  1335 | D:2      | Reached skill level 1 in Fighting
  1335 | D:2      | Reached skill level 5 in Stealth
  1546 | D:2      | Noticed Sigmund
  1601 | D:2      | Reached XP level 4. HP: 25/25 MP: 7/7
  1805 | D:2      | Killed Sigmund
  1806 | D:2      | Reached skill level 1 in Shields
  1806 | D:2      | Reached skill level 1 in Ice Magic
  1806 | D:2      | Reached XP level 5. HP: 11/30 MP: 2/9
  2409 | D:3      | Reached XP level 6. HP: 20/35 MP: 10/10
  3937 | D:4      | Learned a level 3 spell: Tukima's Dance
  4096 | D:5      | Entered Level 5 of the Dungeon
  4099 | D:5      | Noticed a water moccasin
  4104 | D:5      | Killed a water moccasin
  4105 | D:5      | Reached XP level 7. HP: 40/40 MP: 8/11
  4196 | D:5      | Noticed Menkaure
  4874 | D:5      | Reached XP level 8. HP: 41/45 MP: 10/13
  5170 | D:5      | Killed Menkaure
  5287 | D:6      | Found a runed translucent gate.
  5287 | D:6      | Found a runed translucent gate.
  5405 | D:6      | Noticed Pikel
  5495 | D:6      | Killed Pikel
  5677 | D:6      | Reached skill level 5 in Dodging
  5677 | D:6      | Reached XP level 9. HP: 39/51 MP: 11/15
  6103 | D:6      | Found a runed translucent door.
  6109 | D:6      | Found a runed translucent gate.
  6133 | D:6      | Found a runed translucent door.
  6202 | D:6      | Found a staircase to the Ecumenical Temple.
  6208 | Temple   | Entered the Ecumenical Temple
  6232 | Temple   | Became a worshipper of Ashenzari the Shackled
  6524 | D:6      | Found the +9 staff of Olgreb {rPois∞}
  6623 | D:7      | Learned a level 3 spell: Dazzling Flash
  6626 | D:7      | Learned a level 2 spell: Passwall
  6707 | D:7      | Reached skill level 5 in Short Blades
  6729 | D:7      | Reached skill level 1 in Transmutations
  7026 | D:7      | Reached skill level 1 in Earth Magic
  7164 | D:7      | Noticed Dowan
  7165 | D:7      | Noticed Duvessa
  7196 | D:7      | Killed Dowan
  7218 | D:7      | Killed Duvessa
  7420 | D:7      | Found an opulent altar of Gozag.
  7451 | D:7      | Found Hobbud's Weapon Shop.
  7456 | D:7      | Bought a +3 rapier of venom for 239 gold pieces
  7541 | D:7      | Reached * piety under Ashenzari
  7684 | D:7      | Found a sparkling altar of Nemelex Xobeh.
  7992 | D:8      | Found a radiant altar of Vehumet.
  8301 | D:8      | Noticed a deep elf pyromancer
  9003 | D:8      | Killed a deep elf pyromancer
  9004 | D:8      | Reached skill level 5 in Ice Magic
  9004 | D:8      | Reached XP level 10. HP: 59/59 MP: 15/18
  9807 | D:8      | Reached skill level 5 in Shields
  9875 | D:8      | Noticed a gargoyle
  9916 | D:7      | Identified the cursed +2 pair of boots of the Fated
                  | Inaction {Cun, Self} (You found it on level 2 of the
                  | Dungeon)
 10214 | D:8      | Killed a gargoyle
 10446 | D:8      | HP: 2/58 [wight/+3 flail of freezing (4)]
 10447 | D:8      | Slain by a wight

Illustrated notes

Levels and vault maps discovered:
D:1:      kb_arrival_jail, layout_rooms,
          dreamdust_ecumenical_altar_sealed_demon,
          hangedman_decor_clover_reticule
D:2:      layout_rooms, uniq_sigmund
D:3:      layout_basic, mainiacjoe_overflow_24_doors, minmay_between
D:4:      layout_cave_pods, chequers_decorated_corner
D:5:      layout_loops_ring, uniq_menkaure
D:6:      layout_basic, minmay_temple_entry_hall,
          minmay_guarded_unrand_staff_of_olgreb, uniq_pikel
D:7:      layout_layer_cave, mainiacjoe_overflow_six_doors_small,
          lemuel_coloured_pillars_altar, serial_shops, nicolae_shop_trees,
          uniq_duvessa
D:8:      minmay_blocky_corners, layout_cave_pods, mainiacjoe_overflow_alcove_2
Temple:   nicolae_temple_elliptical

Skill      XL: |  1  2  3  4  5  6  7  8  9 10 |
---------------+-------------------------------+-----
Hexes          | 5 6 7 9 |  9.2
Fighting       | 1 2 3 4 |  4.2
Stealth        | 5 6 7 8 9 |  9.1
Short Blades   | 2 3 4 5 |  5.0
Dodging        | 3 4 5 |  5.0
Shields        | 1 2 3 4 5 |  5.0
Ice Magic      | 1 2 3 5 6 |  6.1
Spellcasting   | 3 4 |  4.7
Transmutations | 2 4 |  4.0
Earth Magic    | 2 4 |  4.0

Action                   |  1- 3 |  4- 6 |  7- 9 | 10-12 || total
-------------------------+-------+-------+-------+-------++-------
Melee: Dagger            |   114 |   116 |   209 |    42 ||   481
       Bite              |     9 |    14 |    32 |    14 ||    69
       Punch             |     1 |     1 |     7 |     1 ||    10
       Rapier            |       |       |    32 |    30 ||    62
 Cast: Ensorcelled Hiber |       |     5 |    62 |    14 ||    81
       Confusing Touch   |       |     1 |     8 |    10 ||    19
       Tukima's Dance    |       |       |     5 |     2 ||     7
Invok: Curse Item        |       |       |     2 |       ||     2
       Shatter the Chain |       |       |       |     1 ||     1
 Abil: Exsanguinate      |     1 |       |       |       ||     1
       End Transformatio |       |       |       |     1 ||     1
       Bat Form          |       |       |       |     1 ||     1
Evoke: Wand              |       |       |       |     1 ||     1
  Use: Potion            |     1 |       |     4 |       ||     5
       Scroll            |       |     8 |     2 |     1 ||    11
 Stab: Sleeping          |     8 |    24 |    39 |     7 ||    78
       Invisible         |     1 |       |     1 |       ||     2
       Confused          |       |     1 |     4 |     3 ||     8
       Distracted        |       |       |     1 |     1 ||     2
Armor: Robe              |    15 |    22 |    31 |     8 ||    76
Dodge: Dodged            |    78 |    56 |   153 |    51 ||   338
Block: Kite shield       |       |       |       |    10 ||    10
